 Dungeon Crawl Stone Soup version 0.25-a0-474-ga8a2ee3166 (webtiles) character file.

Game seed: 16123719640090987740, levelgen mode: deterministic

6258 MirrMurr the Covert (level 10, 0/49 HPs)
             Began as a Spriggan Enchanter on Feb 8, 2020.
             Was a Priest of Dithmenos.
             Slain by a hippogriff (5 damage)
             ... on level 1 of the Lair of Beasts.
             The game lasted 00:27:55 (12149 turns).

MirrMurr the Covert (Spriggan Enchanter)           Turns: 12149, Time: 00:27:56

Health: 0/49       AC:  4    Str:  7    XL:     10   Next: 62%
Magic:  4/17       EV: 28    Int: 17    God:    Dithmenos [***...]
Gold:   1028       SH:  7    Dex: 22    Spells: 4/17 levels left

rFire    . . .     SeeInvis +   a - +5 dagger (pain)
rCold    + . .     Gourm    .   M - +0 buckler
rNeg     . . .     Faith    .   v - +0 robe
rPois    .         Spirit   .   F - +0 hat
rElec    .         Reflect  .   o - +1 cloak
rCorr    .         Harm     .   (gloves unavailable)
MR       +....                  (boots unavailable)
Stlth    +++++++...             (no amulet)
HPRegen  0.16/turn              k - +5 ring of dexterity
MPRegen  0.15/turn              l - ring of protection from cold

@: very slightly contaminated, wreathed by umbra, very quick
A: very small, unfitting armour, see invisible, herbivore, speed 3, slow
metabolism 2
a: Shadow Step, Renounce Religion


You were on level 1 of the Lair of Beasts.
You worshipped Dithmenos.
Dithmenos was most pleased with you.
You were hungry.

You visited 3 branches of the dungeon, and saw 12 of its levels.
You also visited: Ossuary.

You collected 1028 gold pieces.

Inventory:

Hand Weapons
 a - a +5 dagger of pain (weapon)
 b - a +0 hunting sling
 h - a +1 dagger of speed
 q - a +3 dagger of speed
 A - a +0 rapier
 H - a cursed -3 dagger
Missiles
 d - 263 stones
 g - 88 sling bullets
 m - 38 poisoned darts
 z - 4 throwing nets
 B - 18 boomerangs (quivered)
Armour
 o - a +1 cloak (worn)
 v - a +0 robe (worn)
 y - a scarf of cloud immunity
 F - a +0 hat (worn)
 M - a +0 buckler (worn)
Jewellery
 j - an uncursed ring of flight
 k - a +5 ring of dexterity (left hand)
 l - a ring of protection from cold (right hand)
 Q - an uncursed ring of protection from fire {unknown}
Wands
 i - a wand of polymorph (13)
 K - a wand of iceblast (9)
Scrolls
 f - 9 scrolls of teleportation
 p - 2 scrolls of fog
 r - 5 scrolls of remove curse
 x - 3 scrolls of immolation
 O - a scroll of enchant weapon
 P - a scroll of torment {unknown}
Potions
 e - a potion of berserk rage
 n - 2 potions of degeneration
 s - 2 potions of lignification
 t - 5 potions of curing
 u - 6 potions of flight
 w - a potion of agility
 C - a potion of invisibility {unknown}
 D - 3 potions of brilliance
 E - a potion of might
 G - a potion of cancellation {unknown}
 I - a potion of heal wounds {unknown}
 J - 2 potions of haste {unknown}
 L - 3 potions of mutation
Miscellaneous
 N - a phial of floods
Comestibles
 c - 7 rations


   Skills:
 - Level 4.0 Fighting
 * Level 6.9 Short Blades
 * Level 10.1 Dodging
 * Level 10.3 Stealth
 + Level 1.9 Shields
 - Level 4.0 Spellcasting
 - Level 8.1 Hexes
 + Level 7.1 Necromancy


You had 4 spell levels left.
You knew the following spells:

 Your Spells              Type           Power        Failure   Level  Hunger
a - Ensorcelled Hibernat  Hex/Ice        ###...       6%          2    ##.....
b - Confusing Touch       Hex            ####....     2%          3    ###....
c - Tukima's Dance        Hex            ####....     2%          3    ###....
d - Dazzling Flash        Conj/Hex       ###...       13%         3    ###....
e - Animate Skeleton      Necr           N/A          1%          1    None
A - Apportation           Tloc           #.....       22%         1    None

Your spell library contained the following spells:

 Spells                   Type           Power        Failure   Level  Hunger
 Corona                   Hex            ####...      1%          1    None
 Summon Small Mammal      Summ           #...         22%         1    None
 Bolt of Magma            Conj/Fire/Erth #.........   99%         5    ######.
 Iskenderun's Battlesphe  Conj/Chrm      #.......     99%         5    ######.
 Iron Shot                Conj/Erth      #.........   100%        6    #######
 Orb of Destruction       Conj           #.........   100%        7    #######
 Spellforged Servitor     Conj/Summ      #.........   100%        7    #######


Dungeon Overview and Level Annotations

Branches:
Dungeon (10/15)            Temple (1/1) D:6            Lair (1/6) D:10
    Orc (0/2) D:9         Ossuary (visited)

Altars:
Ashenzari
Cheibriados
Dithmenos
Elyvilon
Fedhas
Gozag
Hepliaklqana
Kikubaaqudgha
Makhleb
Nemelex Xobeh
Okawaru
Qazlal
Ru
Sif Muna
Trog
Uskayaw
Vehumet
Wu Jian
Xom
Yredelemnul
Zin
The Shining One
Beogh

Shops:
D:4 =   D:8 *

Annotations:
D:5 3 runed translucent doors, ReteAZ's ghost, novice GnWn


Innate Abilities, Weirdness & Mutations

You are very small and have problems with some larger weapons.
You are too small for most types of armour.
You have supernaturally acute eyesight. (SInv)
You are a herbivore.
You cover ground extremely quickly.
You need to consume almost no food.


Message History

You are very lightly contaminated with residual magic.
Wisps of condensation drift from your hands.
The crocodile closely misses you. The hippogriff bites you.
The hippogriff completely misses you. The hippogriff barely misses you.
You block the hippogriff's attack. x2; The hippogriff claws you.
You are too injured to fight recklessly!
Casting: Ensorcelled Hibernation (safe; 6% risk of failure)
Confirm with . or Enter, or press ? or * to list all spells.
Aiming: Ensorcelled Hibernation (safe; 6% risk of failure)
Press: ? - help, Shift-Dir - straight line, f/p - hippogriff
Aim: a hippogriff (umbra, chance to defeat MR: 43%)
The hippogriff resists with some effort.
The crocodile bites you!
* * * LOW HITPOINT WARNING * * *
The hippogriff bites you.
* * * LOW HITPOINT WARNING * * *
The hippogriff misses you. The hippogriff closely misses you.
The hippogriff barely misses you. You block the hippogriff's attack.
The hippogriff claws you.
You die...

...............
...............
...............
.........$.....
...............
...............
......†tH....._ .
##H@....... ..
#..........
...#####.........
.................
.................
.................P
.#.#####...........
#...........
##...........


You could see 2 hippogriffs and a crocodile.

Vanquished Creatures
  A cyclops (D:10)
  A komodo dragon (Lair:1)
  A meliai zombie (D:10)
  A hippogriff (Lair:1)
  A human (D:8)
  A basilisk (Lair:1)
  A wyvern (D:10)
  A hungry ghost (D:9)
  Menkaure (D:7)
  2 wargs (D:9)
  2 water moccasins
  Duvessa (D:5)
  4 orc warriors
  A necrophage (D:9)
  2 phantoms
  3 ogres
  5 wolves (D:10)
  A centaur (D:8)
  A crocodile (Lair:1)
  3 bullfrogs
  An elf zombie (Ossuary)
  2 wyvern zombies
  Dowan (D:5)
  A scorpion (D:5)
  9 killer bees
  A howler monkey (D:5)
  3 crimson imps (D:5)
  A bullfrog zombie (D:10)
  6 centaur zombies
  2 hounds
  A quasit (D:5)
  7 human zombies (Ossuary)
  5 orc priests
  2 iguanas
  2 jellies
  7 orc wizards
  A centaur skeleton (D:9)
  4 worker ants
  A killer bee zombie (D:7)
  3 hound skeletons
  A spectral worker ant (D:10)
  3 mummies (Ossuary)
  A worker ant zombie (D:10)
  18 adders
  7 gnolls
  2 shadow imps
  5 oozes
  2 adder skeletons
  2 adder zombies
  2 worms (D:2)
  3 dart slugs
  4 leopard geckos
  33 orcs
  4 bats
  6 giant cockroaches
  9 goblins
  5 hobgoblins
  12 jackals
  5 quokkas
  3 ball pythons
  3 frilled lizards
  A jackal skeleton (D:4)
  8 kobolds
  A quokka skeleton (D:5)
  7 rats
241 creatures vanquished.

Notes
Turn   | Place    | Note
-------+----------+-------------------------------------------
     0 | D:1      | MirrMurr the Spriggan Enchanter began the quest for the
                  | Orb.
     0 | D:1      | Reached XP level 1. HP: 9/9 MP: 5/5
   173 | D:1      | Reached skill level 5 in Stealth
   173 | D:1      | Reached XP level 2. HP: 13/13 MP: 6/6
   177 | D:1      | Learned a level 2 spell: Ensorcelled Hibernation
   959 | D:2      | Reached XP level 3. HP: 16/16 MP: 6/8
   964 | D:2      | Learned a level 3 spell: Confusing Touch
  1358 | D:2      | Reached XP level 4. HP: 17/21 MP: 4/9
  2092 | D:3      | Reached XP level 5. HP: 20/24 MP: 5/10
  2097 | D:3      | Learned a level 3 spell: Tukima's Dance
  2272 | D:3      | Found a sacrificial altar of Ru.
  2751 | D:4      | Found Feegozogg's Jewellery Shoppe.
  2882 | D:4      | Found a sand-covered staircase.
  2890 | Ossuary  | Entered an ossuary
  2943 | Ossuary  | Reached XP level 6. HP: 9/28 MP: 3/11
  2946 | Ossuary  | Reached skill level 5 in Short Blades
  3648 | Ossuary  | Reached skill level 5 in Hexes
  3776 | Ossuary  | Reached XP level 7. HP: 29/32 MP: 9/13
  5198 | D:5      | Entered Level 5 of the Dungeon
  5218 | D:5      | Learned a level 3 spell: Dazzling Flash
  5222 | D:4      | Learned a level 1 spell: Apportation
  5489 | D:5      | Noticed Duvessa
  5494 | D:5      | Noticed Dowan
  5567 | D:5      | Killed Duvessa
  5710 | D:5      | Killed Dowan
  5812 | D:5      | Learned a level 1 spell: Animate Skeleton
  5951 | D:5      | Reached XP level 8. HP: 36/37 MP: 15/15
  5992 | D:5      | Reached skill level 1 in Necromancy
  6008 | D:5      | Reached skill level 1 in Fighting
  6374 | D:5      | Found a runed translucent gate.
  6374 | D:5      | Found a runed translucent gate.
  6374 | D:5      | Found a runed translucent gate.
  6377 | D:5      | Noticed ReteAZ's ghost (novice GnWn)
  6379 | D:5      | Identified the +4 ring mail "Geth" {Dex+5}
  6680 | D:5      | Found a bloodstained altar of Trog.
  6946 | D:5      | Found a roughly hewn altar of Beogh.
  7027 | D:6      | Reached skill level 5 in Dodging
  7679 | D:6      | Found a staircase to the Ecumenical Temple.
  7688 | Temple   | Entered the Ecumenical Temple
  7756 | Temple   | Became a worshipper of Dithmenos the Shadowed
  8079 | D:7      | Noticed Menkaure
  8089 | D:7      | Killed Menkaure
  8089 | D:7      | Reached XP level 9. HP: 33/44 MP: 12/16
  8308 | D:7      | Reached * piety under Dithmenos
  9157 | D:8      | Found Buah's General Store.
  9235 | D:8      | Reached skill level 5 in Necromancy
  9313 | D:9      | Found a staircase to the Orcish Mines.
  9516 | D:9      | Found a blossoming altar of Fedhas.
  9517 | D:9      | Found an ornate altar of the Wu Jian Council.
  9517 | D:9      | Found a radiant altar of Vehumet.
  9519 | D:9      | Found a glowing golden altar of the Shining One.
  9519 | D:9      | Found a shattered altar of Ashenzari.
  9522 | D:9      | Found a sacrificial altar of Ru.
  9522 | D:9      | Found a snail-covered altar of Cheibriados.
  9523 | D:9      | Found a white marble altar of Elyvilon.
  9942 | D:10     | Entered Level 10 of the Dungeon
 10005 | D:10     | Reached ** piety under Dithmenos
 10016 | D:10     | Reached XP level 10. HP: 46/49 MP: 12/17
 10058 | D:10     | Noticed a cyclops
 10066 | D:10     | Killed a cyclops
 10160 | D:10     | Reached skill level 1 in Shields
 10391 | D:10     | Found a staircase to the Lair.
 10391 | D:10     | Noticed a death yak
 10391 | D:10     | Noticed a death yak
 10391 | D:10     | Noticed a death yak
 10391 | D:10     | Noticed a death yak
 10392 | D:10     | Noticed a death yak
 11354 | Lair:1   | Entered Level 1 of the Lair of Beasts
 12123 | Lair:1   | Reached skill level 10 in Stealth
 12135 | Lair:1   | Found a glowing golden altar of the Shining One.
 12143 | Lair:1   | Reached skill level 10 in Dodging
 12147 | Lair:1   | Reached *** piety under Dithmenos
 12149 | Lair:1   | Slain by a hippogriff

Levels and vault maps discovered:
D:1:      dpeg_arrival_rooms_b, layout_loops_ring, st_stairs_13,
          minmay_misc_feat_columns
D:2:      layout_loops_cross, first_ration
D:3:      minmay_general_purpose_star, layout_basic,
          nicolae_ru_great_annihilating_truth
D:4:      layout_loops_ring, serial_shops, shop, enter_ossuary_2
D:5:      layout_basic, biasface_ghost_orc_armoury, minivault_11,
          trog_butcher_becter, uniq_duvessa
D:6:      layout_loops_corners, temple_hall
D:7:      layout_basic, uniq_menkaure
D:8:      layout_rooms, serial_shops, nicolae_shop_crystal, grunt_pizzeria
D:9:      layout_rooms, grunt_temple_overflow_open, minmay_orc_entry_guard_dogs
D:10:     layout_roguey, dpeg_lair_monsters, hangedman_weighted_door
Temple:   zaba_magenta_temple
Lair:1:   layout_gridlike, basic_altar, serial_bayou_lagoon_b

Skill      XL: |  1  2  3  4  5  6  7  8  9 10 |
---------------+-------------------------------+-----
Stealth        | 5 6 7 8 10 | 10.3
Short Blades   | 2 3 4 5 6 |  6.9
Hexes          | 5 8 |  8.1
Spellcasting   | 3 4 |  4.0
Necromancy     | 3 6 7 |  7.1
Fighting       | 3 4 |  4.0
Dodging        | 7 8 10 | 10.1
Shields        | 1 |  1.9

Action                   |  1- 3 |  4- 6 |  7- 9 | 10-12 || total
-------------------------+-------+-------+-------+-------++-------
Melee: Dagger            |   140 |   196 |   502 |   107 ||   945
 Cast: Ensorcelled Hiber |     6 |    18 |   110 |    33 ||   167
       Confusing Touch   |       |    10 |    14 |     5 ||    29
  Use: Scroll            |     1 |     6 |    13 |     1 ||    21
 Stab: Sleeping          |    12 |    23 |    68 |    28 ||   131
       Distracted        |     1 |     1 |       |       ||     2
       Confused          |       |    16 |    16 |     1 ||    33
  Eat: Ration            |       |     1 |     7 |     2 ||    10
Armor: Robe              |     8 |     4 |    32 |     2 ||    46
Dodge: Dodged            |   102 |    65 |   357 |   119 ||   643
Block: Buckler           |       |       |     6 |    47 ||    53

Table legend:
 A = Non-vault XP
 B = Vault XP
 C = Vault XP percentage of total XP
 D = Non-vault monster count
 E = Vault monster count
 F = Vault count percentage of total count
                 A         B        C        D         E       F
            +---------+---------+-------+---------+---------+-------
      Total |    6959 |    1981 |  22.2 |     201 |      40 |  16.6
            +---------+---------+-------+---------+---------+-------
        D:1 |      19 |       5 |  20.8 |      12 |       2 |  14.3
        D:2 |     128 |       0 |   0.0 |      34 |       0 |   0.0
        D:3 |      77 |      72 |  48.3 |       8 |       8 |  50.0
        D:4 |     149 |       0 |   0.0 |      13 |       0 |   0.0
        D:5 |     611 |     233 |  27.6 |      32 |       6 |  15.8
        D:6 |     700 |       0 |   0.0 |      22 |       0 |   0.0
        D:7 |     702 |     172 |  19.7 |      23 |       1 |   4.2
        D:8 |     442 |     202 |  31.4 |      10 |       1 |   9.1
        D:9 |     951 |     322 |  25.3 |      13 |       2 |  13.3
       D:10 |    2146 |     358 |  14.3 |      29 |       5 |  14.7
     Lair:1 |    1034 |       0 |   0.0 |       5 |       0 |   0.0
    Ossuary |       0 |     617 | 100.0 |       0 |      15 | 100.0
            +---------+---------+-------+---------+---------+-------
